AoeStats
← jakobtoxvig

Arabia

508945492Analyzed
2v2 RM · 9d ago on Sep 24, 2026· 34m 27s· 4 players
Game mode
Random Map
Map size
Medium (4 player)
Population
200
Speed
Normal
Resources
Standard
Victory
Conquest
Starting age
Dark Age
Ending age
Imperial Age
RankedLock teamsTeams togetherTeam positionsShared explorationLock speedFull tech treeHidden civsTurbo modeCheats
Victory
Defeat
🇩🇰 Saxons · Denmark
1281
+17
🇩🇰 Varangians · Denmark
1281
+17
🇺🇸 Cumans · United States
1308
-18
🇺🇸 Saxons · United States
1278
-16
_EXTERMINATION_
6:16 Loom
9:23 Feudal Age
10:20 Double-Bit Axe
19:39 Castle Age
18:06 Fletching
18:42 Horse Collar
18:53 Gold Mining
19:06 Padded Archer Armor
20:16 Bodkin Arrow
19:47 Crossbowman
21:06 Bow Saw
20:57 Heavy Plow
23:15 Ballistics
24:41 Thumb Ring
26:03 Leather Archer Armor
28:16 Wheelbarrow
27:26 Town Watch
29:19 Stone Mining
30:33 Hand Cart
|TT|-=UFO=-
7:18 Loom
9:46 Feudal Age
10:24 Double-Bit Axe
11:30 Wheelbarrow
18:21 Scale Barding Armor
21:31 Forging
22:30 Fletching
jakobtoxvig
10:22 Feudal Age
11:16 Feudal Age
15:22 Castle Age
14:55 Double-Bit Axe
18:54 Horse Collar
20:08 Bloodlines
26:27 Scale Barding Armor
28:42 Husbandry
30:55 Bow Saw
32:05 Forging
32:37 Gold Mining
33:49 Chain Barding Armor
xkasperxx
10:26 Feudal Age
14:16 Castle Age
13:00 Loom
16:23 Wheelbarrow
15:36 Double-Bit Axe
16:34 Horse Collar
20:09 Stone Mining
20:39 Bow Saw
21:54 Scale Mail Armor
24:47 Chain Mail Armor
26:23 Fletching
28:18 Squires
28:04 Gambesons
28:05 Arson
28:24 Squires
28:47 Forging
31:15 Hand Cart
32:34 Town Watch
32:55 Heavy Plow
34:15 Iron Casting
Connection lost

Rejoining the realm…

Still unreachable

The connection could not be restored.

Session expired

The server has moved on; the page needs a fresh start.